 Dungeon Crawl Stone Soup version 0.26.1-11-gd32895ea62 (webtiles) character file.

Game seed: 4384210759708158673

28 nothank2 the Vexing (level 3, -6/24 HPs)
             Began as a Demonspawn Enchanter on July 10, 2021.
             Mangled by a worm (7 damage)
             ... on level 2 of the Dungeon.
             The game lasted 00:03:11 (1697 turns).

nothank2 the Vexing (Demonspawn Enchanter)          Turns: 1697, Time: 00:03:12

Health: -6/24      AC:  2    Str:  8    XL:     3   Next: 0%
Magic:  1/6        EV: 12    Int: 16    God:
Gold:   88         SH:  0    Dex: 14    Spells: 3/6 levels left

rFire    . . .     SeeInvis .   a - +1 dagger
rCold    . . .     Faith    .   (no shield)
rNeg     . . .     Spirit   .   b - +0 robe
rPois    .         Reflect  .   (no helmet)
rElec    .         Harm     .   (no cloak)
rCorr    .         Rampage  .   (no gloves)
Will     .....                  (no boots)
Stlth    ++........             (no amulet)
HPRegen  0.08/turn              (no ring)
MPRegen  0.10/turn              (no ring)

@: lethally poisoned (-6 -> -13), attractive, hasted, very quick
A: claws 1, spiny 1
a: no special abilities


You were on level 2 of the Dungeon.
You visited 1 branch of the dungeon, and saw 2 of its levels.

You collected 88 gold pieces.

Inventory:

Hand Weapons
 a - a +1 dagger (weapon)
Armour
 b - a +0 robe (worn)
Scrolls
 d - a scroll of identify {unknown}
 e - a scroll of fear {unknown}
 g - a scroll of enchant weapon {unknown}
 h - a scroll of immolation {unknown}


   Skills:
 - Level 0.8 Short Blades
 - Level 1.7 Dodging
 - Level 2.6 Stealth
 - Level 2.0 Spellcasting
 * Level 4.1 Hexes
 + Level 0.4 Ice Magic


You had 3 spell levels left.
You knew the following spells:

 Your Spells              Type           Power        Failure   Level
a - Corona                Hex            15%          3%          1
b - Ensorcelled Hibernat  Hex/Ice        16%          12%         2

Your spell library contained the following spells:

 Spells                   Type           Power        Failure   Level
 Confusing Touch          Hex            14%          12%         3
 Tukima's Dance           Hex            14%          12%         3
 Dazzling Flash           Conj/Hex       16%          26%         3


Dungeon Overview and Level Annotations

Branches:
Dungeon (2/15)

Altars:


Innate Abilities, Weirdness & Mutations

You have sharp fingernails.
You are partially covered in sharp spines.


Message History

You feel attractive to monsters.
* * * LOW HITPOINT WARNING * * *
You feel sick. The worm is pulled toward you!
Casting: Ensorcelled Hibernation (safe; 12% risk of failure)
Confirm with . or Enter, or press ? or * to list all spells.
Aiming: Ensorcelled Hibernation (safe; 12% risk of failure)
Press: ? - help, Shift-Dir - straight line, f/p - worm
Aim: a worm (chance to affect: 49%)
The worm looks drowsy...
The helpless worm fails to defend itself.
You puncture the worm!
The worm is severely wounded.
You hit the worm.
The worm is almost dead.
* * * LOW HITPOINT WARNING * * *
You feel sick.
You hit the worm.
The worm is almost dead.
The worm is struck by your spines. The worm bites you!
You die...

.###... #.# .......
#.# ####.# #.# #
##.## #.## ##.....
########..#
...#.####......##.#
<..............##.#
.....####.###..##.#
..........# #..w@.#
##....>.#.# #!.####
# .#.##.#......# ^
.#.## #......# . .
. .).##### # . .###
.


You could see a worm.

Vanquished Creatures
  An adder (D:2)
  An ooze (D:1)
  A leopard gecko (D:1)
  A ball python (D:1)
  A goblin (D:1)
  3 hobgoblins (D:1)
  4 bats (D:1)
  2 kobolds (D:1)
14 creatures vanquished.

Notes
Turn   | Place    | Note
-------+----------+-------------------------------------------
     0 | D:1      | nothank2 the Demonspawn Enchanter began the quest for the
                  | Orb.
     0 | D:1      | Reached XP level 1. HP: 13/13 MP: 3/3
   820 | D:1      | Gained mutation: You have sharp fingernails. [demonic
                  | ancestry]
   820 | D:1      | Reached XP level 2. HP: 19/19 MP: 5/5
  1207 | D:1      | Learned a level 2 spell: Ensorcelled Hibernation
  1692 | D:2      | Reached skill level 4 in Hexes
  1692 | D:2      | Gained mutation: You are partially covered in sharp spines.
                  | [demonic ancestry]
  1692 | D:2      | Reached XP level 3. HP: 2/24 MP: 3/6
  1693 | D:2      | HP: 1/24 [poisoned by an adder]
  1697 | D:2      | Mangled by a worm

Illustrated notes

Levels and vault maps discovered:
D:1:      minmay_arrival_four_houses, layout_basic
D:2:      layout_loops_cross, lemuel_crystal_altar, uniq_terence

Skill      XL: |  1  2 |
---------------+-------+-----
Hexes          | 4 |  4.1
Short Blades   | |  0.8
Dodging        | |  1.7
Stealth        | |  2.6
Spellcasting   | |  2.0
Ice Magic      | |  0.4

Action                   || total
-------------------------++-------
Melee: Dagger            ||    75
 Cast: Corona            ||     5
       Ensorcelled Hiber ||     2
  Use: Potion            ||     2
 Stab: Sleeping          ||     5
Armor: Robe              ||    15
Dodge: Dodged            ||    42
